 Dungeon Crawl Stone Soup version 0.15-a0-348-gfef1ba5 (webtiles) character file.

289 MrRokkomies the Firebug (level 4, -5/33 HPs)
             Began as a Lava Orc Fire Elementalist on May 2, 2014.
             Slain by a gnoll
             ... wielding a +0,+2 whip
              (8 damage)
             ... on Level 3 of the Dungeon.
             The game lasted 00:07:09 (2524 turns).

MrRokkomies the Firebug (LOFE)                      Turns: 2524, Time: 00:07:09

HP  -5/33        AC  3     Str 10      XL: 4   Next: 83%
MP   0/6         EV 12     Int 16      God:
Gold 163         SH  0     Dex 11      Spells:  3 memorised,  0 levels left

rFire  + + +     SeeInvis .     m - +2 whip (freeze)
rCold  x . .     Clarity  .     a - +1 robe
rNeg   . . .     Conserve .     (no shield)
rPois  .         rCorr    .     (no helmet)
rElec  .         rRot     .     (no cloak)
SustAb . .       Spirit   .     (no gloves)
rMut   .         Warding  .     (no boots)
Saprov + . .     Stasis   .     (no amulet)
MR     .....                    (no ring)
                                e - ring of flight

@: very slightly contaminated, not resistant to hostile enchantments, unstealthy
A: blurry vision 1, conserve scrolls, deterioration 1, regeneration 1, saprovore
1
a: Evoke Flight


You were on level 3 of the Dungeon.
You were very hungry.

You visited 1 branch of the dungeon, and saw 3 of its levels.

You collected 163 gold pieces.

Inventory:

Hand weapons
 m - a +2,+2 whip of freezing (weapon)
Missiles
 h - 34 poisoned needles
 q - 20 sling bullets
Armour
 a - a +1 robe (worn)
Comestibles
 c - a meat ration
 i - 3 bread rations
 v - a pear
 x - a rotting chunk of bat flesh
Scrolls
 f - a scroll of teleportation
 r - a scroll of fear {unknown}
 w - a scroll of remove curse
 y - a scroll of enchant armour
Jewellery
 e - a ring of flight (left hand)
Potions
 d - a potion of restore abilities
 j - a potion of brilliance {unknown}
 k - 2 potions of curing {unknown}
 l - 2 potions of confusion
 n - a potion of heal wounds {unknown}
 o - 2 potions of haste {unknown}
 p - a potion of resistance {unknown}
 s - a potion of flight {unknown}
 u - 2 potions of mutation
 z - a potion of degeneration {unknown}
Books
 b - a book of Flames

   Spells                             Type                      Level
   *Flame Tongue                      Conjuration/Fire             1
   *Throw Flame                       Conjuration/Fire             2
   *Conjure Flame                     Conjuration/Fire             3
   Inner Flame                        Hexes/Fire                   3
   Sticky Flame                       Conjuration/Fire             4
   Fireball                           Conjuration/Fire             5
 t - a book of Beasts

   Spells                             Type                      Level
   Summon Butterflies                 Summoning                    1
   Call Canine Familiar               Summoning                    3
   Summon Ice Beast                   Ice/Summoning                4
   Summon Mana Viper                  Hexes/Summoning              5
   Monstrous Menagerie                Summoning                    6
   Summon Hydra                       Summoning                    7
Miscellaneous
 g - a plain deck of dungeons


   Skills:
 - Level 1.5 Dodging
 - Level 1.5 Stealth
 - Level 1.5 Spellcasting
 * Level 2.8 Conjurations
 + Level 5.9 Fire Magic


You couldn't memorise any spells.
You knew the following spells:

 Your Spells              Type           Power        Failure   Level  Hunger
a - Flame Tongue          Conj/Fire      ####.        4%          1    ##.....
b - Throw Flame           Conj/Fire      ####..       8%          2    ###....
c - Conjure Flame         Conj/Fire      ####....     12%         3    ####...


Dungeon Overview and Level Annotations

Branches:
Dungeon (3/15)

Altars:
Nemelex Xobeh

Annotations:
D:3 Sigmund


Innate Abilities, Weirdness & Mutations

You have stony skin.
Your flesh is almost immune to the effects of heat.
Your fire spells are more powerful.
Your flesh is vulnerable to cold.
Your heat harms attackers.
You bathe your surroundings in blazing heat.
You are too hot to use scrolls.
You are very good at protecting items from fire.
You can tolerate rotten meat.
Your vision is a little blurry.
Your body is slowly deteriorating.
Your natural rate of healing is unusually fast.


Message History

You are very lightly contaminated with residual magic.
You are momentarily dazzled by a flash of light!
The orc wizard is burned by your radiant heat.
The orc wizard is severely wounded.
The orc wizard completely misses you.
Casting: Flame Tongue
Confirm with . or Enter, or press ? or * to list all spells.
Aiming: Flame Tongue
Press: ? - help, Shift-Dir - straight line, f/p - orc wizard
Aim: an orc wizard, wielding a whip and wearing a robe (severely wounded, moving very quickly)
You feel a strong surge of power!
The flame tongue hits the orc wizard.
The orc wizard is almost dead.
The orc wizard is burned by your radiant heat.
You kill the orc wizard!
You completely miss the gnoll.
The gnoll picks up a whip.
The gnoll wields a whip.
The gnoll is burned by your radiant heat.
The gnoll is moderately wounded.
The gnoll hits you with a whip!
You die...

#############
.).........>#
.##.#######.#
.##.# #.# .##.#
#.###########.
.##.#
#.............#
.##.# #.#..g@...#
.##.# #.#.#####.#
.##.##### #.#[#
......... ..[..
.###########...#
.......).. .....
#.#####.##.#.....
#.## .##.#.. ...#
. #.#...


You could see a gnoll.

Vanquished Creatures
  An orc wizard (D:3)
  2 gnolls (D:3)
  An adder (D:2)
  A giant mite (D:1)
  A worm (D:2)
  3 giant geckos (D:2)
  An ooze (D:2)
  2 orcs (D:3)
  4 giant cockroaches
  4 goblins
  7 hobgoblins
  3 jackals (D:2)
  4 kobolds (D:3)
  4 quokkas
  8 bats
  2 giant newts (D:1)
  3 rats
51 creatures vanquished.

Notes
Turn   | Place    | Note
--------------------------------------------------------------
     0 | D:1      | MrRokkomies, the Lava Orc Fire Elementalist, began the quest for the Orb.
     0 | D:1      | Reached XP level 1. HP: 14/14 MP: 2/2
    70 | D:1      | Reached skill level 4 in Fire Magic
    70 | D:1      | Reached XP level 2. HP: 14/20 MP: 1/3
   114 | D:1      | Learned a level 2 spell: Throw Flame
   115 | D:1      | Found a sparkling altar of Nemelex Xobeh.
  1124 | D:2      | Reached XP level 3. HP: 19/26 MP: 1/5
  1528 | D:2      | Reached skill level 5 in Fire Magic
  2167 | D:3      | Reached XP level 4. HP: 33/33 MP: 6/6
  2283 | D:3      | Learned a level 3 spell: Conjure Flame
  2385 | D:3      | Noticed Sigmund
  2518 | D:3      | Gained mutation: Your natural rate of healing is unusually fast. [potion of mutation]
  2518 | D:3      | Gained mutation: Your vision is a little blurry. [potion of mutation]
  2518 | D:3      | Gained mutation: Your body is slowly deteriorating. [potion of mutation]
  2518 | D:3      | HP: 1/33 [orc wizard/whip (2)]
  2524 | D:3      | Slain by a gnoll

Action                   |  1- 3 |  4- 6 || total
-------------------------+-------+-------++-------
Melee: Unarmed           |     6 |       ||     6
       Dagger            |    39 |       ||    39
       Whip              |    93 |    23 ||   116
 Cast: Flame Tongue      |     5 |     8 ||    13
  Use: Scroll            |     8 |       ||     8
       Potion            |       |     1 ||     1
 Stab: Sleeping          |     2 |       ||     2
